 Dungeon Crawl Stone Soup version 0.24.0-123-gd5b16e6ec5 (webtiles) character file.

Game seed: 330578777452675585, levelgen mode: deterministic

132316 mopl the Unseen (level 16, 0/98 HPs)
             Began as a Vampire Assassin on Feb 1, 2020.
             Was the Champion of Kikubaaqudgha.
             Slain by a slime creature (17 damage)
             ... on level 3 of the Swamp.
             The game lasted 01:49:19 (31568 turns).

mopl the Unseen (Vampire Assassin)                 Turns: 31568, Time: 01:49:20

Health: 0/98       AC:  8    Str: 10    XL:     16   Next: 57%
Magic:  4/28       EV: 17    Int: 15    God:    Kikubaaqudgha [******]
Gold:   1915       SH:  9    Dex: 21    Spells: 2/31 levels left

rFire    + + .     SeeInvis +   a - +6 dagger (pain)
rCold    + + +     Gourm    .   E - +0 buckler
rNeg     + + +     Faith    .   D - +2 robe {rC+ rF+}
rPois    ∞         Spirit   .   m - +1 helmet
rElec    .         Reflect  +   c - scarf {rC+ rF+}
rCorr    +         Harm     .   Q - +0 pair of gloves
MR       ++...                  v - +0 pair of boots
Stlth    +++++++++.             A - +3 amulet of reflection
HPRegen  0.00/turn              f - ring of protection from magic
MPRegen  0.21/turn              N - ring of resist corrosion

@: bloodless, studying Stealth
A: no food, fangs 3, see invisible, unbreathing
a: Bat Form, Revivify, Receive Corpses, Torment, Renounce Religion


You were on level 3 of the Swamp.
You worshipped Kikubaaqudgha.
Kikubaaqudgha was exalted by your worship.
You were bloodless.

You visited 4 branches of the dungeon, and saw 26 of its levels.
You also visited: Gauntlet and Ice Cave.

You collected 2524 gold pieces.
You spent 609 gold pieces at shops.

Inventory:

Hand Weapons
 a - a +6 dagger of pain (weapon)
 b - a +2 scimitar of flaming
Missiles
 d - 99 poisoned darts
 e - 11 curare-tipped darts
 t - 22 silver javelins
 I - 60 boomerangs (quivered)
 K - 2 atropa-tipped darts
 V - a throwing net
Armour
 c - a scarf of resistance (worn)
 m - a +1 helmet (worn)
 v - a +0 pair of boots (worn)
 D - a +2 robe of resistance (worn)
 E - a +0 buckler (worn)
 Q - a +0 pair of gloves (worn)
Jewellery
 f - a ring of protection from magic (left hand)
 A - a +3 amulet of reflection (around neck)
 N - a ring of resist corrosion (right hand)
Wands
 w - a wand of scattershot (2)
 G - a wand of iceblast (50)
 J - a wand of paralysis (8)
 L - a wand of acid (14)
 O - a wand of clouds (3)
 T - a wand of digging (22)
 Z - a wand of flame (4)
Scrolls
 h - 6 scrolls of blinking
 j - 12 scrolls of remove curse
 l - a scroll of summoning
 q - a scroll of vulnerability
 r - 6 scrolls of magic mapping
 x - 5 scrolls of fear
 y - 15 scrolls of teleportation
 H - a scroll of silence
 U - 4 scrolls of fog
Potions
 g - 17 potions of curing
 i - a potion of resistance
 k - 5 potions of ambrosia
 n - a potion of invisibility
 p - a potion of heal wounds
 u - 2 potions of lignification
 z - 3 potions of might
 B - 3 potions of cancellation
 C - 6 potions of flight
 F - 2 potions of agility
 M - 2 potions of magic
 P - 3 potions of haste
Books
 S - a manual of Stealth
Miscellaneous
 o - 2 boxes of beasts
 s - a lamp of fire
 R - 2 sacks of spiders
 W - a phial of floods
 X - a fan of gales
 Y - a lightning rod (4/4)


   Skills:
 + Level 10.4 Fighting
 + Level 12.2 Short Blades
 + Level 9.4 Throwing
 + Level 6.4 Dodging
 + Level 17.8 Stealth
 - Level 4.0 Shields
 + Level 8.1 Spellcasting
 - Level 5.0 Conjurations
 * Level 9.7 Hexes
 - Level 2.0 Charms
 + Level 11.5 Necromancy
 - Level 4.0 Translocations
 - Level 4.0 Air Magic
 - Level 3.0 Poison Magic
 + Level 8.4 Evocations


You had 2 spell levels left.
You knew the following spells:

 Your Spells              Type           Power        Failure   Level  Hunger
a - Apportation           Tloc           ###...       2%          1    N/A
b - Vampiric Draining     Necr           #####.....   1%          3    N/A
c - Corpse Rot            Necr           N/A          1%          2    N/A
d - Mephitic Cloud        Conj/Pois/Air  ###.....     7%          3    N/A
e - Blink                 Tloc           N/A          3%          2    N/A
f - Dispel Undead         Necr           #####...     3%          5    N/A
i - Invisibility          Hex            #####...     32%         6    N/A
r - Regeneration          Chrm/Necr      ####......   2%          3    N/A
x - Animate Dead          Necr           N/A          1%          4    N/A

Your spell library contained the following spells:

 Spells                   Type           Power        Failure   Level  Hunger
 Animate Skeleton         Necr           N/A          1%          1    N/A
 Confusing Touch          Hex            #####.       1%          1    N/A
 Magic Dart               Conj           ###.         1%          1    N/A
 Pain                     Necr           ####         1%          1    N/A
 Slow                     Hex            #####...     1%          2    N/A
 Sublimation of Blood     Necr           #####.....   1%          2    N/A
 Infusion                 Chrm           ##..         5%          1    N/A
 Shroud of Golubria       Chrm/Tloc      ###...       5%          2    N/A
 Song of Slaying          Chrm           ##......     8%          2    N/A
 Summon Butterflies       Summ           #.......     12%         1    N/A
 Summon Small Mammal      Summ           #...         12%         1    N/A
 Call Imp                 Summ           #.......     19%         2    N/A
 Tukima's Dance           Hex            #####...     1%          3    N/A
 Spectral Weapon          Hex/Chrm       ###.....     3%          3    N/A
 Agony                    Necr           #####...     3%          5    N/A
 Summon Guardian Golem    Hex/Summ       ###.....     4%          3    N/A
 Lesser Beckoning         Tloc           ###.......   7%          3    N/A
 Conjure Flame            Conj/Fire      ##......     13%         3    N/A
 Leda's Liquefaction      Hex/Erth       ###.......   16%         4    N/A
 Death Channel            Necr           #####.....   16%         6    N/A
 Excruciating Wounds      Chrm/Necr      ####......   21%         5    N/A
 Bolt of Magma            Conj/Fire/Erth ##........   86%         5    N/A
 Simulacrum               Ice/Necr       ###.......   86%         6    N/A
 Alistair's Intoxication  Tmut/Pois      ##......     87%         5    N/A
 Iron Shot                Conj/Erth      ##........   100%        6    N/A
 Statue Form              Tmut/Erth      #........    100%        6    N/A
 Shatter                  Erth           #.........   100%        9    N/A

Dungeon Overview and Level Annotations

Branches:
Dungeon (15/15)            Temple (0/1) D:7            Lair (6/6) D:10
  Swamp (3/4) Lair:2       Spider (0/4) Lair:3        Slime (0/5) Lair:5
    Orc (2/2) D:9             Elf (0/3) Orc:2        Vaults (0/5) D:13
 Depths (0/5) D:15          IceCv (visited)         Gauntlet (visited)

Altars:
Ashenzari
Kikubaaqudgha
Makhleb
Qazlal
Ru
Sif Muna
Uskayaw
Vehumet
Wu Jian
Xom
Yredelemnul
Zin
Beogh

Shops:
D:9 (   D:10 ?[   Orc:2 }:*(

Annotations:
D:8 exclusion: orange crystal statue
Lair:1 1 runed translucent door, Dunwar's ghost, journeyman GnCK
Lair:5 exclusion: 3 oklob plants
Swamp:2 immol + AM dagger


Innate Abilities, Weirdness & Mutations

You do not eat.
You do not regenerate when monsters are visible.
You are frail without blood (-20% HP).
You can heal yourself when you bite living creatures.
You are immune to poison.
You have razor-sharp teeth.
You have supernaturally acute eyesight. (SInv)
You can survive without breathing.


Message History

You throw a boomerang. The boomerang hits the slime creature.
The slime creature is lightly wounded.
Unknown command.
Casting: Blink (safe; 3% risk of failure)
Confirm with . or Enter, or press ? or * to list all spells.
Aiming: Vampiric Draining (safe; 1% risk of failure)
Press: ? - help, Shift-Dir - straight line, f/p - slime creature
Aim: a slime creature (lightly wounded)
The slime creature is moderately wounded.
You feel life coursing into your body. The slime creature hits you!
* * * LOW HITPOINT WARNING * * *
Casting: Vampiric Draining (safe; 1% risk of failure)
Confirm with . or Enter, or press ? or * to list all spells.
Aiming: Vampiric Draining (safe; 1% risk of failure)
Press: ? - help, Shift-Dir - straight line, f/p - slime creature
Aim: a slime creature (moderately wounded)
The slime creature is heavily wounded.
You feel life coursing into your body. The slime creature hits you!
You die...
Kikubaaqudgha rasps: "You have failed me!
Welcome... oblivion!"

..≈≈≈≈≈.≈≈≈≈≈≈.
≈!.≈.♣..........≈≈≈≈≈.<
♣...≈..≈≈≈≈...♣.≈≈≈≈≈≈.
♣♣.≈≈≈..≈≈≈≈.≈♣♣..≈≈≈≈≈.
♣≈.≈≈≈...≈≈≈.♣ ♣..≈≈≈≈≈≈
♣♣.≈≈≈≈.♣♣≈≈♣ ♣♣..≈≈≈≈≈
♣≈.§.≈≈≈♣♣♣♣ ♣♣♣♣♣).≈≈≈≈
.≈≈≈..≈≈§♣♣♣♣♣≈≈≈(♣♣=..≈
.≈≈≈.>.@J..≈..≈≈≈.≈.....
..≈≈≈≈≈≈..J≈≈..≈.....≈..
....≈≈≈≈.≈≈§≈.≈..≈≈≈≈...
§...≈≈≈≈§≈.≈.♣♣.≈≈≈≈≈.♣.
♣♣≈.≈≈≈≈..♣≈≈≈♣≈.≈≈≈.§♣.
♣♣.....♣♣♣≈.♣♣♣♣≈≈≈..§.
♣♣♣≈..♣ ♣♣♣♣ ♣≈≈....≈
♣♣≈♣♣ ≈..≈≈... ♣♣
♣♣♣♣♣....


You could see 2 slime creatures.

Vanquished Creatures
  Frances (D:13)
  A thorn hunter (Swamp:1)
  Kirke (D:13)
  2 orc warlords (Orc:2)
  3 dire elephants (Lair:6)
  Nessos (D:12)
  A minotaur (Gauntlet)
  A great orb of eyes (D:14)
  Josephine (Lair:4)
  Erolcha (Orc:1)
  2 rakshasas
  14 hydras
  7 vault guards (D:13)
  A ghost crab (Swamp:2)
  3 centaur warriors
  An anaconda (Lair:6)
  7 two-headed ogres
  6 alligators
  4 orc high priests (Orc:2)
  3 tengu warriors
  Sonja (Orc:1)
  A fire crab (shapeshifter) (Gauntlet)
  5 skeletal warriors
  A wizard (D:14)
  An unseen horror (shapeshifter) (D:13)
  2 unseen horrors
  A swamp dragon (Swamp:3)
  A necromancer (IceCv)
  A wolf spider zombie (D:13)
  9 orc knights
  2 deep elf magi
  3 cyclopes
  10 ugly things
  5 orc sorcerers
  2 manticores
  A salamander (D:15)
  11 elephants
  5 black mambas
  4 centaur zombies
  2 gargoyles
  3 rime drakes
  12 spiny frogs
  4 komodo dragons
  A minotaur zombie (Gauntlet)
  11 freezing wraiths
  A tengu conjurer (D:14)
  An efreet (D:15)
  7 trolls
  A queen bee (D:14)
  17 blink frogs
  3 meliai (D:14)
  A polar bear (Lair:6)
  3 hornets
  A tyrant leech (shapeshifter) (D:15)
  Prince Ribbit (D:8)
  3 tyrant leeches
  2 bog bodies
  A harpy skeleton (D:15)
  A meliai zombie (D:11)
  16 slime creatures
  6 hippogriffs
  4 flying skulls (Gauntlet)
  2 vampires
  4 wyverns
  3 shadows
  6 basilisks
  23 yaks
  5 wraiths
  2 hogs (D:13)
  A spriggan (D:8)
  Grum (D:10)
  22 vampire mosquitoes
  3 hungry ghosts
  7 swamp worms
  15 wargs
  5 insubstantial wisps
  10 water moccasins
  A porcupine (shapeshifter) (D:14)
  Duvessa (D:4)
  9 porcupines
  Purgy (D:4)
  47 orc warriors
  2 swamp drakes (Swamp:3)
  An alligator simulacrum (IceCv)
  4 sky beasts
  3 black bears
  12 ice beasts
  3 phantoms
  A necrophage (D:13)
  14 ogres
  4 eyes of draining
  An ogre (shapeshifter) (Gauntlet)
  7 wolves
  5 centaurs
  4 big kobolds
  14 crocodiles
  10 bullfrogs
  A gnoll sergeant (D:7)
  Dowan (D:4)
  A wyvern skeleton (D:13)
  A water moccasin skeleton (D:7)
  5 scorpions
  An elephant simulacrum (IceCv)
  21 killer bees
  22 wights
  An electric eel (Lair:4)
  7 howler monkeys
  12 crimson imps
  3 hounds
  8 jellies
  46 orc priests
  Crazy Yiuf (D:2)
  4 draconian simulacra (IceCv)
  A jelly (shapeshifter) (D:15)
  7 centaur skeletons
  2 bullfrog skeletons
  2 iguanas
  23 orc wizards
  11 hell rats
  9 worker ants
  2 spriggan simulacra (IceCv)
  7 troll simulacra (IceCv)
  2 wolf simulacra (IceCv)
  2 centaur simulacra
  A worker ant zombie (D:6)
  4 gnolls
  10 adders
  4 naga simulacra (IceCv)
  2 ogre simulacra (IceCv)
  5 shadow imps
  19 white imps
  3 oozes
  An adder zombie (D:5)
  6 worms
  4 dart slugs
  3 leopard geckos
  134 orcs
  2 ball pythons
  9 bats
  6 giant cockroaches
  8 goblins
  6 hobgoblins
  17 jackals
  17 kobolds
  5 quokkas
  5 frilled lizards
  2 leopard gecko skeletons
  A quokka skeleton (D:5)
  7 rats
  3 fungi
  5 plants
974 creatures vanquished.

Vanquished Creatures (collateral kills)
  Snorg (D:11)
  A hydra (Lair:2)
  A shambling mangrove (Swamp:1)
  An alligator (Swamp:1)
  2 two-headed ogres
  2 slime creatures
  5 elephants
  A spiny frog (Lair:2)
  A torpor snail (Lair:5)
  A gargoyle (D:9)
  A rime drake (Lair:5)
  A komodo dragon (Lair:2)
  A tyrant leech (Swamp:1)
  A hornet (Swamp:1)
  4 blink frogs
  A bog body (Swamp:1)
  A basilisk (Lair:3)
  4 yaks
  A swamp worm (Swamp:1)
  2 water moccasins (Lair:2)
  An orc warrior (Orc:1)
  2 centaurs (D:12)
  A crocodile (Lair:2)
  A bullfrog (Lair:2)
  3 killer bees
  4 wights
  A howler monkey (D:12)
  A crimson imp (D:12)
  A worker ant (D:12)
  A shadow imp (D:12)
  3 white imps (IceCv)
  6 orcs (Orc:2)
  A quokka (D:9)
  2 fungi
  A plant (Lair:3)
62 creatures vanquished.

Vanquished Creatures (others)
  A human (D:13)
  A big kobold (shapeshifter) (Gauntlet)
  An orc wizard (Orc:2)
  A white imp (IceCv)
  An orc (Orc:1)
  16 fungi
  8 plants
29 creatures vanquished.

Grand Total: 1065 creatures vanquished

Notes
Turn   | Place    | Note
-------+----------+-------------------------------------------
     0 | D:1      | mopl the Vampire Assassin began the quest for the Orb.
     0 | D:1      | Reached XP level 1. HP: 16/16 MP: 1/1
    65 | D:1      | Reached skill level 6 in Stealth
   151 | D:1      | Reached XP level 2. HP: 21/22 MP: 2/2
   785 | D:2      | Reached XP level 3. HP: 27/27 MP: 3/3
   832 | D:2      | Found a runed translucent door.
   833 | D:2      | Noticed Crazy Yiuf
   840 | D:2      | Killed Crazy Yiuf
   897 | D:2      | Reached XP level 4. HP: 31/34 MP: 4/4
  1194 | D:2      | Reached skill level 7 in Stealth
  1194 | D:2      | Reached XP level 5. HP: 26/40 MP: 5/5
  1733 | D:3      | Noticed an orc warrior
  1739 | D:3      | Killed an orc warrior
  1739 | D:3      | Reached XP level 6. HP: 45/47 MP: 6/6
  1839 | D:3      | Found a glowing silver altar of Zin.
  2201 | D:3      | Found a radiant altar of Vehumet.
  2201 | D:3      | Found a hide-covered altar of Uskayaw.
  2202 | D:3      | Found an ancient bone altar of Kikubaaqudgha.
  2211 | D:3      | Became a worshipper of Kikubaaqudgha
  2299 | D:4      | Found a shattered altar of Ashenzari.
  2314 | D:4      | Noticed Purgy
  2324 | D:4      | Killed Purgy
  2324 | D:4      | Reached skill level 8 in Stealth
  2324 | D:4      | Reached skill level 1 in Necromancy
  2425 | D:4      | Reached XP level 7. HP: 53/53 MP: 7/7
  2576 | D:4      | Noticed Duvessa
  2578 | D:4      | Noticed Dowan
  2599 | D:4      | Killed Duvessa
  2606 | D:5      | Entered Level 5 of the Dungeon
  2673 | D:4      | Killed Dowan
  2856 | D:4      | Reached skill level 5 in Short Blades
  3051 | D:4      | Got a pearl-encrusted ring mail
  3087 | D:4      | Identified the +2 ring mail "Kalitim" {rF+ Str+10 Dex+2
                  | Stlth-} (You found it on level 4 of the Dungeon)
  3316 | D:5      | Reached skill level 9 in Stealth
  3354 | D:5      | Reached XP level 8. HP: 61/61 MP: 8/8
  3520 | D:5      | Reached * piety under Kikubaaqudgha
  3520 | D:5      | Identified Kikubaaqudgha's Catalogue of Unholy Secrets
                  | (Kikubaaqudgha gifted it to you on level 5 of the Dungeon)
  3520 | D:5      | Received a gift from Kikubaaqudgha
  3525 | D:5      | Learned a level 2 spell: Corpse Rot
  3648 | D:5      | Learned a level 3 spell: Vampiric Draining
  3769 | D:5      | Found a shimmering altar of Xom.
  3802 | D:5      | Reached skill level 1 in Shields
  3988 | D:5      | Reached skill level 1 in Spellcasting
  4985 | D:6      | Found an ornate altar of the Wu Jian Council.
  4996 | D:6      | Learned a level 2 spell: Blink
  5000 | D:6      | Learned a level 3 spell: Mephitic Cloud
  5054 | D:7      | Found a staircase to the Ecumenical Temple.
  5115 | D:7      | Reached skill level 5 in Fighting
  5126 | D:7      | Found a burning altar of Makhleb.
  5129 | D:7      | Reached XP level 9. HP: 65/68 MP: 12/12
  5260 | D:7      | Found a stormy altar of Qazlal.
  5305 | D:7      | Reached ** piety under Kikubaaqudgha
  5562 | D:7      | Reached skill level 10 in Stealth
  6102 | D:8      | Noticed Prince Ribbit
  6200 | D:8      | Killed Prince Ribbit
  6290 | D:8      | Reached skill level 5 in Throwing
  6421 | D:8      | Reached skill level 5 in Necromancy
  6499 | D:8      | Found a basalt altar of Yredelemnul.
  6529 | D:8      | Reached *** piety under Kikubaaqudgha
  6529 | D:8      | Identified Kikubaaqudgha's Catalogue of Sinister Rituals
                  | (Kikubaaqudgha gifted it to you on level 8 of the Dungeon)
  6529 | D:8      | Received a gift from Kikubaaqudgha
  6536 | D:8      | Learned a level 4 spell: Animate Dead
  6564 | D:8      | Noticed an orange crystal statue
  6602 | D:8      | Found a shimmering altar of Xom.
  7076 | D:9      | Got a faintly glowing robe
  7087 | D:9      | Identified the cursed +1 robe of Greater Demons {*Slow
                  | Regen+ Str+7} (You found it on level 9 of the Dungeon)
  7257 | D:9      | Got a smoking quarterstaff
  7258 | D:9      | Noticed a rakshasa
  7294 | D:9      | Noticed a gargoyle
  7301 | D:9      | Reached XP level 10. HP: 76/76 MP: 15/15
  7397 | D:9      | Killed a rakshasa
  7397 | D:9      | Reached skill level 11 in Stealth
  7397 | D:9      | Reached skill level 1 in Translocations
  7414 | D:9      | Killed a gargoyle
  7554 | D:9      | Learned a level 1 spell: Apportation
  7655 | D:9      | Found a staircase to the Orcish Mines.
  7676 | D:9      | Identified the +4 quarterstaff "Viluacvi" {flame, rElec
                  | Str+2 Int+2} (You found it on level 9 of the Dungeon)
  7797 | D:9      | Found Ruela's Weapon Shop.
  7977 | D:9      | Found a shimmering blue altar of Sif Muna.
  8046 | D:10     | Entered Level 10 of the Dungeon
  8082 | D:10     | Reached skill level 1 in Evocations
  8135 | D:10     | Reached **** piety under Kikubaaqudgha
  8139 | D:10     | Reached skill level 1 in Air Magic
  8167 | D:10     | Noticed a two-headed ogre
  8218 | D:10     | Killed a two-headed ogre
  8218 | D:10     | Reached skill level 1 in Conjurations
  8218 | D:10     | Reached skill level 1 in Poison Magic
  8481 | D:10     | Noticed a centaur warrior
  8485 | D:10     | Killed a centaur warrior
  8485 | D:10     | Reached XP level 11. HP: 83/83 MP: 17/17
  8497 | D:10     | Found Qoahuvve's Antique Armour Shop.
  8595 | D:10     | Noticed Grum
  8691 | D:10     | Killed Grum
  8799 | D:10     | Found Kuebauf's Magic Scroll Shop.
  8804 | D:10     | Bought a scroll of blinking for 97 gold pieces
  8804 | D:10     | Bought 3 scrolls of identify for 78 gold pieces
  8804 | D:10     | Bought a scroll of fear for 45 gold pieces
  8804 | D:10     | Bought a scroll of teleportation for 39 gold pieces
  8804 | D:10     | Bought a scroll of teleportation for 39 gold pieces
  8804 | D:10     | Bought a scroll of amnesia for 45 gold pieces
  8804 | D:10     | Bought a scroll of immolation for 45 gold pieces
  8804 | D:10     | Bought a scroll of identify for 26 gold pieces
  8804 | D:10     | Bought a scroll of enchant armour for 97 gold pieces
  9002 | D:10     | Found a staircase to the Lair.
  9059 | Lair:1   | Entered Level 1 of the Lair of Beasts
  9072 | Lair:1   | Learned a level 3 spell: Regeneration
  9224 | Lair:1   | Found a runed translucent door.
  9317 | Lair:1   | Reached skill level 12 in Stealth
  9317 | Lair:1   | Reached skill level 1 in Charms
  9435 | Lair:1   | Noticed Dunwar's ghost (journeyman GnCK)
 10118 | Lair:2   | Found a staircase to the Swamp.
 10171 | Lair:2   | Noticed a five-headed hydra
 10181 | Lair:2   | Reached ***** piety under Kikubaaqudgha
 10181 | Lair:2   | Reached skill level 5 in Spellcasting
 10267 | Lair:2   | Killed a five-headed hydra
 10577 | Lair:2   | Reached XP level 12. HP: 91/91 MP: 19/19
 11145 | Lair:3   | Noticed a six-headed hydra
 11147 | Lair:3   | Killed a six-headed hydra
 11458 | Lair:3   | Found a hole to the Spider Nest.
 11669 | Lair:4   | Reached skill level 13 in Stealth
 11689 | Lair:4   | Noticed an eight-headed hydra
 12088 | Lair:4   | Learned a level 5 spell: Dispel Undead
 12116 | Lair:4   | Noticed Josephine
 12156 | Lair:4   | Killed an eight-headed hydra
 12398 | Lair:4   | Killed Josephine
 13176 | Lair:5   | Found a staircase to the Slime Pits.
 13306 | Lair:5   | Reached XP level 13. HP: 57/98 MP: 16/22
 13696 | Lair:5   | Reached skill level 5 in Evocations
 14003 | Lair:6   | Entered Level 6 of the Lair of Beasts
 14557 | Lair:6   | Reached skill level 14 in Stealth
 15558 | Lair:6   | Reached skill level 10 in Short Blades
 15783 | Lair:6   | Noticed a dire elephant
 15804 | Lair:6   | Killed a dire elephant
 15820 | Lair:6   | Noticed a dire elephant
 15820 | Lair:6   | Noticed a dire elephant
 15959 | Lair:6   | Killed a dire elephant
 15972 | Lair:6   | Killed a dire elephant
 16365 | D:11     | Noticed Snorg
 16423 | D:11     | Found a frozen archway.
 16446 | IceCv    | Entered an ice cave
 16748 | IceCv    | Reached ****** piety under Kikubaaqudgha
 16850 | IceCv    | Identified a +6 dagger of pain (a +4 dagger bloodied by
                  | Kikubaaqudgha)
 16850 | IceCv    | Received a gift from Kikubaaqudgha
 16938 | IceCv    | Found an ancient bone altar of Kikubaaqudgha.
 17343 | IceCv    | Reached XP level 14. HP: 43/84 MP: 24/24
 18796 | D:11     | Reached skill level 15 in Stealth
 19087 | D:11     | Killed Snorg
 19335 | Orc:1    | Entered Level 1 of the Orcish Mines
 19483 | Orc:1    | Noticed Erolcha
 19535 | Orc:1    | Killed Erolcha
 19603 | Orc:1    | Noticed Sonja
 19612 | Orc:1    | Killed Sonja
 19857 | Orc:2    | Entered Level 2 of the Orcish Mines
 20417 | Orc:2    | Found a roughly hewn altar of Beogh.
 20441 | Orc:2    | Noticed an orc warlord
 20502 | Orc:2    | Found Foyrez's Weapon Boutique.
 20518 | Orc:2    | Found Peesad's General Store.
 20529 | Orc:2    | Reached skill level 10 in Necromancy
 20535 | Orc:2    | Bought a scroll of identify for 28 gold pieces
 20535 | Orc:2    | Bought a scroll of identify for 28 gold pieces
 20535 | Orc:2    | Bought a scroll of teleportation for 42 gold pieces
 20577 | Orc:2    | Killed an orc warlord
 21016 | Orc:2    | Found a staircase to the Elven Halls.
 21513 | Orc:2    | Found Juuf's Book Shoppe.
 21646 | Orc:2    | Noticed an orc warlord
 21709 | Orc:2    | Killed an orc warlord
 21984 | Orc:2    | Found a roughly hewn altar of Beogh.
 22088 | Orc:2    | Found Remirgha's Gadget Shop.
 22379 | Lair:1   | Learned a level 6 spell: Invisibility
 22502 | D:12     | Reached XP level 15. HP: 108/114 MP: 13/27
 22549 | D:12     | Reached skill level 1 in Hexes
 22972 | D:12     | Noticed Nessos
 22979 | D:12     | Killed Nessos
 23340 | D:13     | Found a gate leading to a gauntlet.
 23341 | D:13     | Noticed Kirke
 23344 | Gauntlet | Entered a Gauntlet
 23344 | Gauntlet | Found a transporter.
 23344 | Gauntlet | Found a transporter.
 23344 | Gauntlet | Found a transporter.
 23345 | Gauntlet | Found a transporter.
 23349 | Gauntlet | Found a transporter.
 23349 | Gauntlet | Found a transporter.
 23394 | Gauntlet | Found a transporter.
 23396 | Gauntlet | Found a transporter.
 23407 | Gauntlet | Found a transporter.
 23425 | Gauntlet | Found a transporter.
 23444 | Gauntlet | Found a transporter.
 23446 | Gauntlet | Found a transporter.
 23732 | Gauntlet | Got a translucent glass ring
 23734 | Gauntlet | Got a crude robe
 23745 | Gauntlet | Identified the +1 robe of Orhaler {MR+ Dex+4 Stlth-} (You
                  | found it in a Gauntlet)
 23756 | Gauntlet | Identified the ring "Miegion" {Fire -Tele Int-4 Dex+10
                  | Slay+6} (You found it in a Gauntlet)
 23806 | Gauntlet | Identified the Collected Works on Sinister Rites and
                  | Summoning
 24189 | D:13     | Noticed Frances
 24214 | D:13     | Killed Frances
 24325 | D:13     | Reached skill level 16 in Stealth
 24423 | D:13     | Found a gate to the Vaults.
 24757 | D:13     | Reached skill level 5 in Hexes
 24989 | D:13     | Killed Kirke
 25402 | D:13     | Reached skill level 5 in Dodging
 26045 | D:14     | Found a sacrificial altar of Ru.
 26540 | D:15     | Entered Level 15 of the Dungeon
 26733 | D:14     | Reached skill level 10 in Fighting
 26877 | D:14     | Paralysed by a great orb of eyes for 6 turns
 27261 | D:15     | Reached skill level 17 in Stealth
 27538 | D:14     | Reached XP level 16. HP: 122/122 MP: 28/28
 27581 | D:15     | Noticed a sphinx
 27581 | D:15     | an iron troll changed into a sphinx
 27583 | D:15     | a sphinx changed into a stone giant
 27595 | D:15     | Noticed a shadow dragon
 27595 | D:15     | a fire giant changed into a shadow dragon
 27597 | D:15     | Noticed an iron giant
 27597 | D:15     | a shadow dragon changed into an iron giant
 27605 | D:15     | an iron giant changed into a frost giant
 28231 | D:15     | Found a staircase to the Depths.
 28631 | Swamp:1  | Entered Level 1 of the Swamp
 28779 | Swamp:1  | Noticed a thorn hunter
 28964 | Swamp:1  | Killed a thorn hunter
 28964 | Swamp:1  | Reached skill level 5 in Conjurations
 31568 | Swamp:3  | Slain by a slime creature

Levels and vault maps discovered:
D:1:      lightli_arrival_isolated_outpost, layout_basic
D:2:      wad_pebble_path, layout_basic, uniq_crazy_yiuf_cottage
D:3:      layout_basic, zin_academy, gammafunk_temple_overflow_claw,
          first_ration
D:4:      layout_loops_corners, ashenzari_altar_1, uniq_duvessa, uniq_purgy
D:5:      minmay_evil_eye, layout_loops_corners, minivault_19, led_xom_imps
D:6:      layout_gridville, nicolae_overflow_hidden_temple, serial_glass,
          glass_columns_b, glass_columns_a
D:7:      layout_loops_corners, lemuel_round_altar,
          minmay_temple_entry_gardened_gates, makhleb_heckhound_becter
D:8:      layout_loops_ring, kennysheep_little_box, kennysheep_mini, the_bakery,
          minmay_holes, minivault_24, disabler_island, uniq_prince_ribbit1
D:9:      minmay_the_grid_four_pointed_star_mashed
          [minmay_the_grid_triangle_9x9_cache,
          minmay_the_grid_triangle_9x9_from_above,
          minmay_the_grid_triangle_9x9_sprig,
          minmay_the_grid_triangle_9x9_limited_checkers,
          minmay_the_grid_prize_four_corners_diamond_a], layout_basic,
          marbit_many_paths, david_orc_3, serial_shops,
          nicolae_shop_behind_doors, minivault_27
D:10:     layout_loops_corners, grunt_lair_entry_orc_guard_hut, serial_shops,
          shop, shop, uniq_grum
D:11:     lemuel_castle_with_subvaults [lemuel_castle_interior_carwin_1],
          layout_irregular_city, portal_ice_cave_entry_imps, uniq_snorg
D:12:     layout_layer_cave, uniq_nessos
D:13:     layout_long_grid, erik_vaults_2, gauntlet_entry_generic, uniq_kirke,
          uniq_frances
D:14:     layout_rooms, nicolae_wwwww, basic_altar, special_room
          [special_room_bee], solitary_fountain
D:15:     hangedman_depths_entry_try_elsewhere_first, layout_rooms,
          hangedman_decor_diamond_cutter
Lair:1:   layout_small_grid, ebering_ghost_reflecting_pool,
          infiniplex_staircase_pool_2
Lair:2:   layout_concentric_octagons, minmay_swamp_entry_swarm,
          grunt_megastairs_4
Lair:3:   layout_misc_corridors, dummy_spider_entry, grunt_megastairs_5
Lair:4:   layout_loops_ring, serial_bayou_shore_a, uniq_josephine
Lair:5:   layout_hall_layers, nicolae_slime_entry_slimehenge,
          chequers_serial_rivers_micro_e, minmay_lair_oklob_chamber
Lair:6:   due_jungle_book, layout_cave_pods
Swamp:1:  layout_basic_swamp, hangedman_swamp_pad, swamp_pool2
Swamp:2:  layout_basic_swamp, evilmike_swamp_ruin_house_2
Swamp:3:  layout_basic_swamp, evilmike_swamp_ruin_house_1,
          infiniplex_staircase_pool
Orc:1:    layout_caves, uniq_sonja, uniq_erolcha
Orc:2:    pubby_orc_utopia

Skill      XL: |  1  2  3  4  5  6  7  8  9 10 11 12 13 14 15 16 |
---------------+-------------------------------------------------+-----
Stealth        | 6 7 8 9 10 11 12 13 14 15 17 | 17.8
Fighting       | 2 3 4 5 6 7 8 9 10 | 10.4
Throwing       | 2 3 4 5 6 7 8 9 |  9.4
Short Blades   | 3 4 5 6 7 8 9 10 11 12 | 12.2
Necromancy     | 1 2 4 5 6 7 8 9 10 11 | 11.5
Shields        | 2 3 4 |  4.0
Spellcasting   | 2 3 4 5 6 7 8 |  8.1
Translocations | 2 3 4 |  4.0
Evocations     | 1 3 4 6 7 8 |  8.4
Air Magic      | 1 3 4 |  4.0
Conjurations   | 1 2 3 4 5 |  5.0
Poison Magic   | 1 3 |  3.0
Charms         | 2 |  2.0
Dodging        | 3 5 6 |  6.4
Hexes          | 7 9 |  9.7

Action                   |  1- 3 |  4- 6 |  7- 9 | 10-12 | 13-15 | 16-18 || total
-------------------------+-------+-------+-------+-------+-------+-------++-------
Melee: Dagger            |   113 |   180 |   488 |   887 |  2082 |   419 ||  4169
       Bite              |    12 |    14 |    48 |   147 |   336 |    74 ||   631
Throw: Dart              |     3 |     4 |     4 |    13 |    72 |     7 ||   103
       Boomerang         |       |       |       |       |    72 |    75 ||   147
 Cast: Vampiric Draining |       |       |     5 |    29 |   174 |    51 ||   259
       Animate Dead      |       |       |       |    12 |    45 |    11 ||    68
       Corpse Rot        |       |       |       |     8 |    37 |     4 ||    49
       Regeneration      |       |       |       |     4 |    57 |    22 ||    83
       Dispel Undead     |       |       |       |     1 |    40 |    26 ||    67
       Blink             |       |       |       |       |     5 |    22 ||    27
       Mephitic Cloud    |       |       |       |       |    10 |     1 ||    11
       Apportation       |       |       |       |       |     3 |     2 ||     5
Invok: Receive Corpses   |       |       |       |     3 |     8 |     1 ||    12
       Brand Weapon With |       |       |       |       |     1 |       ||     1
 Abil: Exsanguinate      |       |       |       |       |     1 |     1 ||     2
       Revivify          |       |       |       |       |     1 |       ||     1
Evoke: Phial of floods   |       |       |       |     1 |       |       ||     1
       Wand              |       |       |       |     6 |    33 |    25 ||    64
       Lamp of fire      |       |       |       |     1 |     2 |       ||     3
       Lightning rod     |       |       |       |       |     5 |       ||     5
  Use: Scroll            |     1 |       |     7 |    15 |     8 |     3 ||    34
       Potion            |       |       |       |       |     3 |       ||     3
 Stab: Sleeping          |     5 |    11 |    28 |    25 |    61 |     5 ||   135
       Distracted        |       |     2 |     2 |     4 |    12 |     4 ||    24
       Paralysed         |       |       |       |     1 |    11 |     7 ||    19
       Invisible         |       |       |       |       |    12 |       ||    12
       Confused          |       |       |       |       |    13 |     1 ||    14
Armor: Robe              |    32 |    35 |    60 |    98 |   190 |    42 ||   457
       Acid dragon scale |       |       |       |       |     1 |       ||     1
Dodge: Dodged            |    68 |   107 |   163 |   351 |   881 |   220 ||  1790
Block: Other             |       |     4 |     1 |       |       |       ||     5
       Buckler           |       |       |    95 |   262 |   613 |   128 ||  1098
       Reflection        |       |       |     2 |     4 |    33 |     1 ||    40
